| TOP OF THE 1ST |
|
Lexington Legends batting - Pitching for Beloit Snappers : RHP Emilio Gonzalez
|
|
Pitching: RHP Emilio Gonzalez
|
|
|
Batting: RHB Doug Carter
|
0-0: Foul Ball, location: 2F 0-1: Ball 1-1: Ball 2-1: Swinging Strike 2-2: Foul Ball, location: 2F 2-2: Strikes out swinging
|
|
Batting: SHB Ryoji Hiraoka
|
0-0: Foul Ball, location: 2F 0-1: Called Strike 0-2: Foul Ball, location: 2F 0-2: Strikes out swinging
|
|
Batting: RHB Andy Urquhart
|
0-0: Called Strike 0-1: Foul Ball, location: 2F 0-2: Ball 1-2: Strikes out swinging
|
| Top of the 1st over - 0 runs, 0 hits, 0 errors, 0 left on base; Lexington 0 - Beloit 0 |
| BOTTOM OF THE 1ST |
|
Beloit Snappers batting - Pitching for Lexington Legends : LHP Tyler Abraham
|
|
Pitching: LHP Tyler Abraham
|
|
|
Batting: SHB Robert Santiago
|
0-0: Ball 1-0: Swinging Strike 1-1: Ball 2-1: Fly out, F8 (Flyball, 8RD, EV 80.6 MPH)
|
|
Batting: RHB Josh Whaley
|
0-0: Fly out, F7 (Flyball, 7, EV 86.9 MPH)
|
|
Batting: RHB Tim Cordle
|
0-0: Called Strike 0-1: Swinging Strike 0-2: Ball 1-2: DOUBLE (Line Drive, 7LS, EV 95.6 MPH)
|
|
Batting: RHB Casey Nicita
|
0-0: Ball 1-0: Called Strike 1-1: Ball 2-1: Ball 3-1: Foul Ball, location: 2F 3-2: Base on Balls
|
|
Batting: LHB Angel Sanchez
|
0-0: Called Strike 0-1: SINGLE (Groundball, 3S, EV 66.2 MPH) (infield hit) Tim Cordle to third Casey Nicita to second
|
|
Batting: RHB Todd Vanasco
|
0-0: Ball 1-0: Called Strike 1-1: Swinging Strike 1-2: GRAND SLAM HOME RUN (Flyball, 7D, EV 95.6 MPH), Distance : 351 ft
|
|
Pitching: RHP Joe Adelmann
|
|
|
Batting: LHB Henry Hutson
|
0-0: Called Strike 0-1: Foul Ball, location: 2F 0-2: Ball 1-2: Strikes out swinging
|
| Bottom of the 1st over - 4 runs, 3 hits, 0 errors, 0 left on base; Lexington 0 - Beloit 4 |
| TOP OF THE 2ND |
|
Lexington Legends batting - Pitching for Beloit Snappers : RHP Emilio Gonzalez
|
|
Batting: RHB Pete Deschamps
|
0-0: Swinging Strike 0-1: Swinging Strike 0-2: Ball 1-2: Strikes out looking
|
|
Batting: LHB Robert Wilkins
|
0-0: SINGLE (Line Drive, 34, EV 95.0 MPH)
|
|
Batting: RHB Ben Garrett
|
0-0: Fly out, F9 (Flyball, 9, EV 83.8 MPH)
|
|
Batting: RHB Nate De Jongh
|
0-0: Ball 1-0: Called Strike Robert Wilkins steals 2nd base 1-1: Called Strike 1-2: Ball 2-2: Strikes out looking
|
| Top of the 2nd over - 0 runs, 1 hit, 0 errors, 1 left on base; Lexington 0 - Beloit 4 |
| BOTTOM OF THE 2ND |
|
Beloit Snappers batting - Pitching for Lexington Legends : RHP Joe Adelmann
|
|
Batting: RHB Jose Marquez
|
0-0: Called Strike 0-1: Swinging Strike 0-2: Ground out 1-3 (Groundball, 13S, EV 66.9 MPH)
|
|
Batting: RHB Hidetada Iba
|
0-0: Ground out 6-3 (Groundball, 56, EV 82.5 MPH)
|
|
Batting: SHB Robert Santiago
|
0-0: Called Strike 0-1: SOLO HOME RUN (Flyball, 9D, EV 93.8 MPH), Distance : 367 ft
|
|
Batting: RHB Josh Whaley
|
0-0: Swinging Strike 0-1: Called Strike 0-2: Ball 1-2: Ball 2-2: Foul Ball, location: 2F 2-2: Foul Ball, location: 2F 2-2: Strikes out swinging
|
| Bottom of the 2nd over - 1 run, 1 hit, 0 errors, 0 left on base; Lexington 0 - Beloit 5 |
| TOP OF THE 3RD |
|
Lexington Legends batting - Pitching for Beloit Snappers : RHP Emilio Gonzalez
|
|
Batting: RHB Kunimatsu Oya
|
0-0: Called Strike 0-1: Fly out, F4 (Popup, 4MD, EV 67.5 MPH)
|
|
Batting: RHB Eric Erickson
|
0-0: Called Strike 0-1: Ball 1-1: Called Strike 1-2: Ball 2-2: Foul Ball, location: 2F 2-2: Strikes out looking
|
|
Batting: RHB Doug Carter
|
0-0: Swinging Strike 0-1: Called Strike 0-2: SINGLE (Groundball, 6MD, EV 105.6 MPH)
|
|
Batting: SHB Ryoji Hiraoka
|
0-0: Called Strike Doug Carter steals 2nd base 0-1: Fly out, F7 (Flyball, 7S, EV 88.8 MPH)
|
| Top of the 3rd over - 0 runs, 1 hit, 0 errors, 1 left on base; Lexington 0 - Beloit 5 |
| BOTTOM OF THE 3RD |
|
Beloit Snappers batting - Pitching for Lexington Legends : RHP Joe Adelmann
|
|
Batting: RHB Tim Cordle
|
0-0: Ball 1-0: Called Strike 1-1: Swinging Strike 1-2: Foul Ball, location: 2F 1-2: SINGLE (Popup, 6MD, EV 66.9 MPH)
|
|
Pitching: RHP Howie Seidler
|
|
|
Batting: RHB Casey Nicita
|
0-0: Ball 1-0: Ball 2-0: Ball 3-0: Base on Balls Tim Cordle to second
|
|
Batting: LHB Angel Sanchez
|
0-0: Ball 1-0: Ball 2-0: Ball 3-0: Foul Ball, location: 2F 3-1: Swinging Strike 3-2: Strikes out swinging
|
|
Batting: RHB Todd Vanasco
|
0-0: Called Strike 0-1: Ball 1-1: Ball 2-1: Foul Ball, location: 2F 2-2: Strikes out looking
|
|
Batting: LHB Henry Hutson
|
0-0: Ball 1-0: Foul Ball, location: 2F 1-1: DOUBLE (Line Drive, 78D, EV 106.9 MPH) Tim Cordle scores Casey Nicita to third Runner from 3rd tries for Home, SAFE, no throw by LF
|
|
Pitching: LHP Hyoji Kawabata
|
|
|
Batting: RHB Jose Marquez
|
0-0: Ball 1-0: Swinging Strike 1-1: Fly out, F7 (Flyball, 7, EV 91.2 MPH)
|
| Bottom of the 3rd over - 2 runs, 2 hits, 0 errors, 1 left on base; Lexington 0 - Beloit 7 |
| TOP OF THE 4TH |
|
Lexington Legends batting - Pitching for Beloit Snappers : RHP Emilio Gonzalez
|
|
Batting: RHB Andy Urquhart
|
0-0: Called Strike 0-1: Called Strike 0-2: Ball 1-2: Ball 2-2: Ball 3-2: Ground out 6-3 (Groundball, 6S, EV 88.8 MPH)
|
|
Batting: RHB Pete Deschamps
|
0-0: Ball 1-0: Called Strike 1-1: DOUBLE (Flyball, 8LXD, EV 95.0 MPH)
|
|
Batting: LHB Robert Wilkins
|
0-0: Swinging Strike 0-1: Ball 1-1: Ball 2-1: Foul Ball, location: 2F 2-2: Strikes out swinging
|
|
Batting: RHB Ben Garrett
|
0-0: Swinging Strike 0-1: Swinging Strike 0-2: Strikes out looking
|
| Top of the 4th over - 0 runs, 1 hit, 0 errors, 1 left on base; Lexington 0 - Beloit 7 |
| BOTTOM OF THE 4TH |
|
Beloit Snappers batting - Pitching for Lexington Legends : LHP Hyoji Kawabata
|
|
Batting: RHB Hidetada Iba
|
0-0: Ball 1-0: Ball 2-0: Called Strike 2-1: Ground out 6-3 (Groundball, 6, EV 106.2 MPH)
|
|
Batting: SHB Robert Santiago
|
0-0: Called Strike 0-1: Ball 1-1: Called Strike 1-2: Ball 2-2: Ball 3-2: Foul Ball, location: 2F 3-2: Base on Balls
|
|
Batting: RHB Josh Whaley
|
0-0: Called Strike Robert Santiago steals 2nd base 0-1: Ball 1-1: Foul Ball, location: 2F 1-2: Foul Ball, location: 2F 1-2: Foul Ball, location: 2F 1-2: Foul Ball, location: 2F 1-2: Ball 2-2: Foul Ball, location: 2F 2-2: Fly out, F9 (Line Drive, 89M, EV 103.8 MPH)
|
|
Pitching: RHP Junsuke Abe
|
|
|
Batting: RHB Tim Cordle
|
0-0: Ball 1-0: Ball Wild Pitch! Robert Santiago to third 2-0: Called Strike 2-1: Fly out, F8 (Flyball, 8LD, EV 102.5 MPH)
|
| Bottom of the 4th over - 0 runs, 0 hits, 0 errors, 1 left on base; Lexington 0 - Beloit 7 |
| TOP OF THE 5TH |
|
Lexington Legends batting - Pitching for Beloit Snappers : RHP Emilio Gonzalez
|
|
Batting: RHB Nate De Jongh
|
0-0: Ball 1-0: Ball 2-0: Called Strike 2-1: Ground out 4-3 (Groundball, 4, EV 102.5 MPH)
|
|
Batting: RHB Kunimatsu Oya
|
0-0: Ball 1-0: Ground out 3-1 (Groundball, 34, EV 86.2 MPH)
|
|
Batting: RHB Eric Erickson
|
0-0: Foul Ball, location: 2F 0-1: Ball 1-1: Foul Ball, location: 2F 1-2: Ball 2-2: Foul Ball, location: 2F 2-2: Ball 3-2: Strikes out looking
|
| Top of the 5th over - 0 runs, 0 hits, 0 errors, 0 left on base; Lexington 0 - Beloit 7 |
| BOTTOM OF THE 5TH |
|
Beloit Snappers batting - Pitching for Lexington Legends : RHP Junsuke Abe
|
|
Batting: RHB Casey Nicita
|
0-0: Ball 1-0: SINGLE (Line Drive, 9LS, EV 90.0 MPH)
|
|
Batting: LHB Angel Sanchez
|
0-0: Foul Ball, location: 2F 0-1: Foul Ball, location: 2F 0-2: Ball 1-2: Foul Ball, location: 2F 1-2: Ball 2-2: Ball 3-2: Base on Balls Casey Nicita to second
|
|
Batting: RHB Todd Vanasco
|
0-0: Called Strike 0-1: Ball 1-1: Grounds into double play, 6-4-3 (Groundball, 6, EV 111.9 MPH) Casey Nicita to third
|
|
Batting: LHB Henry Hutson
|
0-0: Hit by Pitch
|
|
Batting: RHB Jose Marquez
|
0-0: Foul Ball, location: 2F 0-1: Ball 1-1: SINGLE (Groundball, 6D, EV 104.4 MPH) Casey Nicita scores Henry Hutson to second
|
|
Batting: RHB Hidetada Iba
|
0-0: Ball 1-0: Swinging Strike 1-1: Ball 2-1: Called Strike 2-2: Foul Ball, location: 2F 2-2: Ball 3-2: Base on Balls Henry Hutson to third Jose Marquez to second
|
|
Batting: SHB Robert Santiago
|
0-0: Called Strike 0-1: Ground out 4-3 (Groundball, 4, EV 103.8 MPH)
|
| Bottom of the 5th over - 1 run, 2 hits, 0 errors, 3 left on base; Lexington 0 - Beloit 8 |
| TOP OF THE 6TH |
|
Lexington Legends batting - Pitching for Beloit Snappers : RHP Emilio Gonzalez
|
|
Batting: RHB Doug Carter
|
0-0: Ball 1-0: Called Strike 1-1: Ball 2-1: Foul Ball, location: 2F 2-2: Strikes out swinging
|
|
Batting: SHB Ryoji Hiraoka
|
0-0: Ball 1-0: Called Strike 1-1: Swinging Strike 1-2: Ball 2-2: Foul Ball, location: 2F 2-2: Foul Ball, location: 2F 2-2: Strikes out swinging
|
|
Batting: RHB Andy Urquhart
|
0-0: Ball 1-0: SINGLE (Line Drive, 8LS, EV 95.6 MPH)
|
|
Batting: RHB Pete Deschamps
|
0-0: Called Strike 0-1: Ball 1-1: SINGLE (Groundball, 6MD, EV 98.1 MPH) Andy Urquhart to second
|
|
Batting: LHB Robert Wilkins
|
0-0: Ball 1-0: Fielders Choice at 2nd, 6-4 (Groundball, 6, EV 105.6 MPH)
|
| Top of the 6th over - 0 runs, 2 hits, 0 errors, 2 left on base; Lexington 0 - Beloit 8 |
| BOTTOM OF THE 6TH |
|
Beloit Snappers batting - Pitching for Lexington Legends : RHP Junsuke Abe
|
|
Batting: RHB Josh Whaley
|
0-0: Called Strike 0-1: Fly out, F9 (Flyball, 89S, EV 90.6 MPH)
|
|
Batting: RHB Tim Cordle
|
0-0: Called Strike 0-1: Called Strike 0-2: Ground out 5-3 (Groundball, 56, EV 95.0 MPH)
|
|
Batting: RHB Casey Nicita
|
0-0: Called Strike 0-1: Ball 1-1: Foul Ball, location: 2F 1-2: Ball 2-2: Ground out U3 (Groundball, 3, EV 84.4 MPH)
|
| Bottom of the 6th over - 0 runs, 0 hits, 0 errors, 0 left on base; Lexington 0 - Beloit 8 |
| TOP OF THE 7TH |
|
Lexington Legends batting - Pitching for Beloit Snappers : RHP Emilio Gonzalez
|
|
Batting: RHB Ben Garrett
|
0-0: Swinging Strike 0-1: Foul Ball, location: 2F 0-2: Ball 1-2: Strikes out swinging
|
|
Batting: RHB Nate De Jongh
|
0-0: Called Strike 0-1: Ball 1-1: Swinging Strike 1-2: Ball 2-2: Strikes out swinging
|
|
Batting: RHB Kunimatsu Oya
|
0-0: Called Strike 0-1: Foul Ball, location: 2F 0-2: Strikes out swinging
|
| Top of the 7th over - 0 runs, 0 hits, 0 errors, 0 left on base; Lexington 0 - Beloit 8 |
| BOTTOM OF THE 7TH |
|
Beloit Snappers batting - Pitching for Lexington Legends : RHP Junsuke Abe
|
|
Batting: LHB Angel Sanchez
|
0-0: Foul Ball, location: 2F 0-1: Ground out U3 (Groundball, 3L, EV 100.0 MPH)
|
|
Batting: RHB Todd Vanasco
|
0-0: Ball 1-0: Ball 2-0: Foul Ball, location: 2F 2-1: Swinging Strike 2-2: Foul Ball, location: 2F 2-2: Strikes out swinging
|
|
Batting: LHB Henry Hutson
|
0-0: Ball 1-0: Ball 2-0: Foul Ball, location: 2F 2-1: SOLO HOME RUN (Flyball, 7D, EV 95.6 MPH), Distance : 358 ft
|
|
Batting: RHB Jose Marquez
|
0-0: Ball 1-0: Ball 2-0: Foul Ball, location: 2F 2-1: Foul Ball, location: 2F 2-2: Ball 3-2: DOUBLE (Line Drive, 8RXD, EV 103.8 MPH)
|
|
Batting: RHB Hidetada Iba
|
0-0: Foul Ball, location: 2F 0-1: Ground out 5-3 (Groundball, 5L, EV 103.8 MPH)
|
| Bottom of the 7th over - 1 run, 2 hits, 0 errors, 1 left on base; Lexington 0 - Beloit 9 |
| TOP OF THE 8TH |
|
Lexington Legends batting - Pitching for Beloit Snappers : RHP Emilio Gonzalez
|
|
Pitching: RHP Danny Levinger
|
|
|
Batting: RHB Eric Erickson
|
0-0: Ball 1-0: Ball 2-0: Called Strike 2-1: Called Strike 2-2: Ball 3-2: Foul Ball, location: 2F 3-2: Ground out 5-3 (Groundball, 5L, EV 83.8 MPH)
|
|
Batting: RHB Doug Carter
|
0-0: Called Strike 0-1: Called Strike 0-2: Ball 1-2: Ball 2-2: Strikes out swinging
|
|
Batting: SHB Ryoji Hiraoka
|
0-0: Ball 1-0: Ground out 1-3 (Groundball, 34S, EV 71.9 MPH)
|
| Top of the 8th over - 0 runs, 0 hits, 0 errors, 0 left on base; Lexington 0 - Beloit 9 |
| BOTTOM OF THE 8TH |
|
Beloit Snappers batting - Pitching for Lexington Legends : RHP Junsuke Abe
|
|
Batting: SHB Robert Santiago
|
0-0: Called Strike 0-1: SINGLE (Groundball, 5S, EV 68.1 MPH) (infield hit)
|
|
Pitching: LHP David Bearden
|
|
|
Batting: RHB Josh Whaley
|
0-0: Called Strike 0-1: Ball 1-1: 2-RUN HOME RUN (Flyball, 7D, EV 95.6 MPH), Distance : 373 ft
|
|
Batting: RHB Tim Cordle
|
0-0: Foul Ball, location: 2F 0-1: DOUBLE (Line Drive, 8LXD, EV 104.4 MPH)
|
|
Batting: RHB Casey Nicita
|
0-0: Ball 1-0: Reached on error, E3 (Groundball, 3, EV 80.6 MPH) Tim Cordle to third
|
|
Batting: LHB Angel Sanchez
|
0-0: Ball 1-0: Foul Ball, location: 2F 1-1: Ball 2-1: Foul Ball, location: 2F 2-2: Ball 3-2: Base on Balls Casey Nicita to second
|
|
Batting: RHB Todd Vanasco
|
0-0: DOUBLE (Flyball, 89D, EV 96.9 MPH) Tim Cordle scores Casey Nicita scores Angel Sanchez to third
|
|
Batting: LHB Henry Hutson
|
0-0: Ball 1-0: Foul Ball, location: 2F 1-1: SINGLE (Groundball, 34D, EV 103.1 MPH) Angel Sanchez scores Todd Vanasco to third
|
|
Pinch Hitting: LHB Larry Prey
|
0-0: Called Strike 0-1: Foul Ball, location: 2F 0-2: Ball 1-2: Ball 2-2: Foul Ball, location: 2F 2-2: Ball 3-2: Grounds into double play, 4-6-3 (Groundball, 4S, EV 86.2 MPH) Todd Vanasco scores
|
|
Batting: RHB Hidetada Iba
|
0-0: Called Strike 0-1: Called Strike 0-2: Fly out, F8 (Flyball, 8RXD, EV 89.4 MPH)
|
| Bottom of the 8th over - 6 runs, 5 hits, 1 error, 0 left on base; Lexington 0 - Beloit 15 |
| TOP OF THE 9TH |
|
Lexington Legends batting - Pitching for Beloit Snappers : RHP Danny Levinger
|
|
Now at 2B: Larry Prey
|
|
|
Batting: RHB Andy Urquhart
|
0-0: Called Strike 0-1: Swinging Strike 0-2: Strikes out swinging
|
|
Batting: RHB Pete Deschamps
|
0-0: Called Strike 0-1: Reached via error on a dropped throw from SS, E3 (Groundball, 6S, EV 85.0 MPH)
|
|
Batting: LHB Robert Wilkins
|
0-0: Ball 1-0: Foul Ball, location: 2F 1-1: Foul Ball, location: 2F 1-2: Ball 2-2: Foul Ball, location: 2F 2-2: Ball 3-2: Foul Ball, location: 2F 3-2: Foul Ball, location: 2F 3-2: Strikes out looking
|
|
Batting: RHB Ben Garrett
|
0-0: Ball 1-0: Foul Ball, location: 2F 1-1: Foul Ball, location: 2F 1-2: SINGLE (Groundball, 56D, EV 93.8 MPH) Pete Deschamps to second
|
|
Batting: RHB Nate De Jongh
|
0-0: Swinging Strike 0-1: Fielders Choice at 2nd, 6-4 (Groundball, 6, EV 109.4 MPH)
|
| Top of the 9th over - 0 runs, 1 hit, 1 error, 2 left on base; Lexington 0 - Beloit 15 |
|